 Dungeon Crawl Stone Soup version 0.20.0-8-g6b59dc7 (webtiles) character file.

5087 Rrauwl the Impaler (level 10, -8/76 HPs)
             Began as a Merfolk Gladiator on June 2, 2017.
             Was a Priest of Nemelex Xobeh.
             Mangled by a two-headed ogre
             ... wielding a +0 giant club
              (11 damage)
             ... on level 9 of the Dungeon.
             The game lasted 00:32:10 (8668 turns).

Rrauwl the Impaler (Merfolk Gladiator)              Turns: 8668, Time: 00:32:11

Health: -8/76      AC: 10    Str: 17    XL:     10   Next: 57%
Magic:  13/13      EV: 15    Int: 10    God:    Nemelex Xobeh [***...]
Gold:   305        SH:  0    Dex: 16    Spells: 4/9 levels left

rFire    . . .     SeeInvis .   a - +1 halberd
rCold    + . .     Gourm    .   (shield currently unavailable)
rNeg     . . .     Faith    .   n - +0 scale mail
rPois    +         Spirit   .   l - +1 helmet
rElec    .         Reflect  .   (no cloak)
rCorr    .         Harm     .   C - +0 pair of gloves
MR       ++...                  j - +0 pair of boots
Stlth    ..........             (no amulet)
Regen    0.3/turn               b - ring of poison resistance
MPRegen  0.2/turn               H - ring of protection from cold

@: drained
A: change form in water, swift swim, stealthy swim, clever 1, magic resistance
2, mutation resistance 1, MP-powered wands
a: Triple Draw, Renounce Religion


You were on level 9 of the Dungeon.
You worshipped Nemelex Xobeh.
Nemelex Xobeh was most pleased with you.
You were not hungry.

You visited 2 branches of the dungeon, and saw 10 of its levels.

You collected 410 gold pieces.
You spent 105 gold pieces at shops.

Inventory:

Hand Weapons
 a - a +1 halberd (weapon)
 c - a +0 trident
Missiles
 g - 3 throwing nets (quivered)
Armour
 j - a +0 pair of boots (worn)
 l - a +1 helmet (worn)
 n - a +0 scale mail (worn)
 C - a +0 pair of gloves (worn)
Jewellery
 b - a ring of poison resistance (left hand)
 o - an uncursed ring of positive energy
 H - a ring of protection from cold (right hand)
Wands
 r - a wand of confusion (22/48)
 x - a wand of polymorph (6/24)
 I - a wand of polymorph (12/24)
Scrolls
 k - 2 scrolls of amnesia
 m - 3 scrolls of fear
 p - 8 scrolls of identify
 s - a scroll of enchant weapon
 u - 2 scrolls of enchant armour
 A - 2 scrolls of immolation
 D - a scroll of blinking
 E - a scroll of magic mapping
 F - 3 scrolls of teleportation
Potions
 e - 3 potions of mutation
 i - a potion of brilliance
 q - 3 potions of agility
 v - a potion of curing
 z - 2 potions of cancellation
 J - a potion of haste
Books
 w - the Volume of Dislocation and the Oath
   (You found it on level 8 of the Dungeon)

   Spells                             Type                      Level
   a - Apportation                    Translocation                1
   b - Ensorcelled Hibernation        Hexes/Ice                    2
   c - Summon Mana Viper              Hexes/Summoning              5
   d - Summon Forest                  Summoning/Translocation      5
   e - Dispersal                      Translocation                6
 y - a book of Frost

   Spells                             Type                      Level
   a - Freeze                         Ice                          1
   b - Throw Frost                    Conjuration/Ice              2
   c - Ozocubu's Armour               Charms/Ice                   3
   d - Throw Icicle                   Conjuration/Ice              4
   e - Summon Ice Beast               Ice/Summoning                4
 G - a book of Cantrips

   Spells                             Type                      Level
   a - Confusing Touch                Hexes                        1
   b - Animate Skeleton               Necromancy                   1
   c - Summon Small Mammal            Summoning                    1
   d - Apportation                    Translocation                1
Miscellaneous
 d - an ornate deck of summoning
 t - a legendary deck of destruction
Comestibles
 f - 8 bread rations
 h - 3 meat rations
 B - 2 chunks of flesh


   Skills:
 - Level 6.0(5.8) Fighting
 - Level 16.0(15.7) Polearms
 - Level 2.0(1.8) Throwing
 + Level 10.0(9.7) Dodging
 + Level 5.0(4.8) Invocations


You had 4 spell levels left.
You knew the following spells:

 Your Spells              Type           Power        Failure   Level  Hunger
a - Summon Ice Beast      Ice/Summ       #.......     100%        4    #####..
b - Apportation           Tloc           #.....       80%         1    ##.....


Dungeon Overview and Level Annotations

Branches:
Dungeon (9/15)             Temple (1/1) D:5
   Lair: D:8-11         Orc: D:9-12

Altars:
Ashenzari
Cheibriados
Dithmenos
Elyvilon
Fedhas
Gozag
Hepliaklqana
Kikubaaqudgha
Makhleb
Nemelex Xobeh
Okawaru
Qazlal
Ru
Trog
Uskayaw
Vehumet
Xom
Yredelemnul
Zin
The Shining One

Shops:
D:6 ?   D:7 *


Innate Abilities, Weirdness & Mutations

You revert to your normal form in water.
You are very nimble and swift while swimming.
You are very stealthy in the water. (Stealth+)
Your mind is acute. (Int +2)
You are highly resistant to hostile enchantments. (MR++)
You are somewhat resistant to further mutation.
You expend magic power (3 MP) to strengthen your wands.


Message History

The two-headed ogre hits you with a giant club!
You puncture the two-headed ogre!
The two-headed ogre is severely wounded.
The orc wizard casts a spell.
The orc wizard blinks!
You slash the two-headed ogre!
The two-headed ogre is almost dead.
The two-headed ogre hits you with a giant club!!
* * * LOW HITPOINT WARNING * * *
The two-headed ogre barely misses you.
The orc wizard casts a spell.
The orc wizard blinks!
A quokka comes into view.
You hit the two-headed ogre.
The two-headed ogre is almost dead.
The two-headed ogre hits you with a giant club!!
* * * LOW HITPOINT WARNING * * *
The two-headed ogre hits you with a giant club!
You die...
Your body glows slightly and disappears.

###......###.### #########..##
.........#§...≈#..............
.........#.....#... ..........
####.###...._....#..#######.##
#. ###.....###..#######.# .
#....§###..........##
###.###..............
#.#.............###
#.@..########.<.#
###O.########...###
####o...............
#...................
#....o.r............
######...#########..
...######'##...........
......))...#...........
.......§...# #..r......


You could see a two-headed ogre, an orc wizard, an orc and a quokka.

Vanquished Creatures
  A hippogriff (D:8)
  Grinder (D:4)
  Sigmund (D:6)
  A wyvern (D:8)
  A steam dragon (D:9)
  A hungry ghost (D:9)
  Edmund (D:4)
  A water moccasin (D:9)
  Menkaure (D:7)
  Duvessa (D:6)
  5 ice beasts
  3 sky beasts
  A black bear (D:8)
  An orc warrior (D:6)
  3 ogres
  A phantom (D:8)
  3 centaurs
  2 big kobolds
  A wyvern zombie (D:7)
  2 scorpions
  9 wights
  2 crimson imps (D:7)
  A centaur zombie (D:5)
  A bullfrog zombie (D:5)
  A quasit (D:8)
  3 hounds
  2 gnoll shamans (D:4)
  4 orc priests
  A bullfrog skeleton (D:8)
  2 jellies
  9 orc wizards
  Jessica (D:3)
  2 iguanas
  4 worker ants
  10 adders
  11 gnolls
  4 shadow imps
  An ooze (D:1)
  3 adder skeletons
  2 adder zombies
  2 worms
  2 dart slugs
  5 leopard geckos
  20 orcs
  4 ball pythons
  7 bats
  4 giant cockroaches
  10 goblins
  6 hobgoblins
  10 jackals
  6 kobolds
  6 quokkas
  3 frilled lizards
  3 goblin skeletons (D:8)
  2 hobgoblin zombies (D:8)
  A kobold skeleton (D:8)
  A kobold zombie (D:8)
  A leopard gecko skeleton (D:4)
  An orc skeleton (D:8)
  An orc zombie (D:8)
  3 quokka skeletons
  A quokka zombie (D:5)
  5 rats
209 creatures vanquished.

Vanquished Creatures (collateral kills)
  An ogre (D:8)
  A bullfrog (D:8)
  Dowan (D:6)
  3 killer bees (D:8)
  A hound (D:4)
  A worker ant (D:4)
  A gnoll (D:4)
  A shadow imp (D:8)
  5 orcs (D:4)
15 creatures vanquished.

Grand Total: 224 creatures vanquished

Notes
Turn   | Place    | Note
-------+----------+-------------------------------------------
     0 | D:1      | Rrauwl the Merfolk Gladiator began the quest for the Orb.
     0 | D:1      | Reached XP level 1. HP: 16/16 MP: 1/1
    84 | D:1      | Reached XP level 2. HP: 19/23 MP: 2/2
   220 | D:1      | Reached skill level 5 in Polearms
   437 | D:1      | Reached XP level 3. HP: 27/28 MP: 3/3
  1322 | D:2      | Reached XP level 4. HP: 32/35 MP: 4/4
  1659 | D:2      | Reached skill level 6 in Polearms
  2134 | D:3      | Gained mutation: You expend magic power (3 MP) to strengthen your wands. [potion of mutation]
  2134 | D:3      | Gained mutation: You are resistant to hostile enchantments. (MR+) [potion of mutation]
  2134 | D:3      | Gained mutation: You are highly resistant to hostile enchantments. (MR++) [potion of mutation]
  2134 | D:3      | Gained mutation: Your mind is acute. (Int +2) [potion of mutation]
  2327 | D:3      | Reached skill level 5 in Dodging
  2327 | D:3      | Reached XP level 5. HP: 37/41 MP: 5/5
  2468 | D:3      | Reached skill level 7 in Polearms
  3164 | D:3      | Found a sparkling altar of Nemelex Xobeh.
  3164 | D:3      | Noticed Jessica
  3166 | D:3      | Killed Jessica
  3172 | D:3      | Became a worshipper of Nemelex Xobeh the Trickster
  3217 | D:3      | Reached XP level 6. HP: 34/47 MP: 6/6
  3247 | D:3      | Received a gift from Nemelex Xobeh
  3603 | D:4      | Reached skill level 8 in Polearms
  3603 | D:4      | Reached skill level 1 in Invocations
  3702 | D:4      | Reached XP level 7. HP: 24/52 MP: 8/8
  3911 | D:4      | Reached skill level 9 in Polearms
  4443 | D:4      | Noticed Grinder
  4465 | D:4      | Killed Grinder
  4465 | D:4      | Reached skill level 10 in Polearms
  4692 | D:4      | Reached XP level 8. HP: 32/58 MP: 10/10
  4699 | D:4      | Reached skill level 11 in Polearms
  4765 | D:4      | Noticed Edmund
  4773 | D:4      | Killed Edmund
  4933 | D:5      | Entered Level 5 of the Dungeon
  4933 | D:5      | Found a staircase to the Ecumenical Temple.
  4938 | Temple   | Entered the Ecumenical Temple
  4952 | Temple   | Reached * piety under Nemelex Xobeh
  4952 | Temple   | Received a gift from Nemelex Xobeh
  5238 | D:5      | Reached skill level 12 in Polearms
  5257 | D:5      | Found a burning altar of Makhleb.
  5299 | D:5      | Learned a level 4 spell: Summon Ice Beast
  5314 | D:5      | Gained mutation: You are somewhat resistant to further mutation. [mutagenic meat]
  5515 | D:5      | Reached skill level 13 in Polearms
  5548 | D:5      | Found a sacrificial altar of Ru.
  5826 | D:6      | Noticed Sigmund
  5831 | D:6      | Killed Sigmund
  5896 | D:6      | Reached skill level 14 in Polearms
  5896 | D:6      | Reached XP level 9. HP: 55/63 MP: 11/11
  6017 | D:6      | Found Hecucic's Magic Scroll Boutique.
  6020 | D:6      | Noticed Duvessa
  6028 | D:6      | Killed Duvessa
  6033 | D:6      | Bought a scroll of blinking for 75 gold pieces
  6033 | D:6      | Bought a scroll of teleportation for 30 gold pieces
  6042 | D:6      | Noticed Dowan
  6047 | D:6      | Killed Dowan
  6072 | D:6      | Learned a level 1 spell: Apportation
  6361 | D:7      | Reached ** piety under Nemelex Xobeh
  6531 | D:7      | Reached skill level 15 in Polearms
  6664 | D:7      | Noticed Menkaure
  6672 | D:7      | Killed Menkaure
  6757 | D:7      | Found a radiant altar of Vehumet.
  6876 | D:7      | Found a hide-covered altar of Uskayaw.
  6945 | D:7      | Found Hoekh's Assorted Antiques.
  6981 | D:8      | Identified the Volume of Dislocation and the Oath
  7059 | D:8      | Reached skill level 5 in Fighting
  7482 | D:8      | Reached XP level 10. HP: 74/74 MP: 12/12
  8002 | D:8      | Found a glowing golden altar of the Shining One.
  8018 | D:8      | Reached skill level 16 in Polearms
  8533 | D:9      | Received a gift from Nemelex Xobeh
  8566 | D:9      | Reached *** piety under Nemelex Xobeh
  8579 | D:9      | Found a stormy altar of Qazlal.
  8599 | D:9      | Reached skill level 5 in Invocations
  8601 | D:9      | Reached skill level 10 in Dodging
  8644 | D:9      | Noticed a two-headed ogre
  8668 | D:9      | HP: 3/76 [two-headed ogre/giant club (19)]
  8668 | D:9      | Mangled by a two-headed ogre

Skill      XL: |  1  2  3  4  5  6  7  8  9 10 |
---------------+-------------------------------+-----
Polearms       | 5 6 7 8 10 14 15 16 | 16.0
Fighting       | 3 5 6 |  6.0
Dodging        | 5 6 8 10 | 10.0
Invocations    | 2 3 5 |  5.0
Throwing       | |  2.0

Action                   |  1- 3 |  4- 6 |  7- 9 | 10-12 || total
-------------------------+-------+-------+-------+-------++-------
Melee: Trident           |   124 |   167 |       |       ||   291
       Halberd           |       |    52 |   355 |   210 ||   617
Throw: Throwing net      |       |       |    10 |       ||    10
Evoke: Deck              |       |     1 |     4 |       ||     5
  Use: Potion            |       |     9 |     7 |       ||    16
       Scroll            |       |     7 |     2 |     1 ||    10
 Stab: Sleeping          |     1 |       |       |       ||     1
       Petrified         |       |     2 |     3 |       ||     5
       Held in net/web   |       |       |     1 |       ||     1
  Eat: Chunk             |     1 |     8 |     9 |     1 ||    19
       Fruit             |       |       |     2 |     2 ||     4
       Royal jelly       |       |       |     1 |     2 ||     3
       Meat ration       |       |       |       |     1 ||     1
Armor: Leather armour    |    21 |    16 |       |       ||    37
       Scale mail        |       |    43 |    87 |    53 ||   183
       Skin              |       |       |     4 |       ||     4
Dodge: Dodged            |    64 |   110 |   153 |    87 ||   414
